 Dungeon Crawl Stone Soup version 0.30.1 (webtiles) character file.

Game seed: 10913415454137396958

9907 Graphine the Cleaver (level 11, -18/97 HPs)
             Began as a Hill Orc Fighter on July 3, 2023.
             Was a Priest of Beogh.
             Killed from afar by a deep elf knight (28 damage)
             ... with a shard of ice
             ... summoned by a worldbinder
             ... on level 2 of the Abyss.
             The game lasted 00:17:21 (8567 turns).

Graphine the Cleaver (Hill Orc Fighter)             Turns: 8567, Time: 00:17:22

Health: -18/97     AC: 18    Str: 22    XL:     11   Next: 53%
Magic:  19/19      EV: 10    Int:  8    God:    Beogh [***...]
Gold:   354        SH:  5    Dex: 10    Spells: 10/10 levels left

rFire   . . .        a - +1 war axe (vamp)
rCold   . . .        c - +0 buckler
rNeg    . . .        B - +2 ring mail of the Forest {Will+ Str-2 SInv}
rPois   .            o - +2 hat
rElec   .            z - +2 cloak {Stlth+}
rCorr   .            t - +0 pair of gloves
SInv    +            G - +1 pair of boots {rampage}
Will    +....        (no amulet)
Stlth   +            k - ring of wizardry
HPRegen 0.36/turn    (no ring)
MPRegen 0.16/turn

%: rampage, wizardry (x1)
@: invisible (expiring)
A: no striking features
a: Renounce Religion, Smiting


You were on level 2 of the Abyss.
You worshipped Beogh.
Beogh was most pleased with you.
You visited 1 branch of the dungeon, and saw 10 of its levels.
You visited the Abyss 1 time.

You collected 597 gold pieces.
You spent 243 gold pieces at shops.

Inventory:

Hand Weapons
 a - a +1 vampiric war axe (weapon)
 p - a +3 dagger
 r - a +1 dagger of electrocution
 s - a +0 battleaxe
Missiles
 C - 16 boomerangs of dispersal
Armour
 c - a +0 buckler (worn)
 o - a +2 hat (worn)
 t - a +0 pair of gloves (worn)
 z - a +2 cloak of stealth (worn)
 B - the +2 ring mail of the Forest (worn) {Will+ Str-2 SInv}
   (You bought it in a shop on level 5 of the Dungeon)

   Str:       It affects your strength (-2).
   SInv:      It lets you see invisible.
   Will:      It increases your willpower.
 G - a +1 pair of boots of rampaging (worn)
Jewellery
 k - a ring of wizardry (left hand)
 D - a +6 ring of intelligence
 F - a ring of see invisible
 I - a ring of poison resistance
Wands
 b - a wand of polymorph (7)
 f - a wand of mindburst (18) (quivered)
 y - a wand of flame (21)
 E - a wand of roots (4)
 H - a wand of digging (8)
Scrolls
 u - 4 scrolls of teleportation
 A - a scroll of fear
Potions
 e - 4 potions of curing
 h - 3 potions of attraction
 i - 2 potions of haste
 l - a potion of ambrosia
 n - a potion of mutation
 q - 4 potions of magic
 v - 2 potions of resistance
 w - 3 potions of flight
 x - 2 potions of brilliance
Miscellaneous
 m - a box of beasts


   Skills:
 + Level 9.2 Fighting
 * Level 12.6 Axes
 + Level 8.3 Armour
 + Level 8.3 Shields
 * Level 11.8 Invocations


You had 10 spell levels left.
You didn't know any spells.
Your spell library contained the following spells:

 Spells                   Type           Power      Damage    Failure   Level
 Sting                    Tmut/Pois      0%         1d3       28%         1
 Blink                    Tloc           0%         N/A       41%         2
 Lesser Beckoning         Tloc           0%         N/A       41%         2
 Momentum Strike          Conj/Tloc      0%         3d8       41%         2
 Poisonous Vapours        Pois/Air       0%         N/A       41%         2
 Frozen Ramparts          Ice            0%         1d1       63%         3
 Ice Form                 Ice/Tmut       0%         N/A       95%         4
 Olgreb's Toxic Radiance  Pois           0%         N/A       95%         4
 Summon Ice Beast         Ice/Summ       0%         N/A       95%         4


Dungeon Overview and Level Annotations

Branches:
Dungeon (10/15)            Temple (0/1) D:5            Lair (0/5) D:9
    Orc: D:9-12

Altars:
Ashenzari
Dithmenos
Elyvilon
Kikubaaqudgha
Makhleb
Qazlal
Ru
Sif Muna
Trog
Uskayaw
Vehumet
Wu Jian
Xom
Yredelemnul

Shops:
D:5 [   D:8 (   D:9 (

Annotations:
D:9 Erolcha


Message History

You destroy the starcursed mass!
Beogh accepts your kill.
The worldbinder calls forth creatures from the Elven Halls!
You hit the worldbinder.
The worldbinder is almost destroyed.
You barely miss the deep elf zephyrmancer.
The deep elf zephyrmancer shouts!
The worldbinder closely misses you. You block the worldbinder's attack.
The worldbinder hits you but does no damage.
The worldbinder barely misses you.
You barely miss the worldbinder.
The worldbinder is almost destroyed.
You hit the deep elf zephyrmancer.
You flicker for a moment.
The deep elf zephyrmancer closely misses you.
The deep elf knight casts a spell at you.
The lance of force hits you!
* * * LOW HITPOINT WARNING * * *
You are knocked back by the lance of force.
You slam into the rock wall!
You rampage towards the deep elf zephyrmancer!
You slash the deep elf zephyrmancer!
The deep elf zephyrmancer is moderately wounded.
You hit the deep elf zephyrmancer.
You catch the helpless worldbinder completely off-guard!
You hit the worldbinder but do no damage.
The deep elf zephyrmancer hits you but does no damage. x2
You hit the worldbinder but do no damage.
The worldbinder is almost destroyed.
You strike the helpless deep elf zephyrmancer from behind!
You slash the deep elf zephyrmancer!
You closely miss the deep elf zephyrmancer.
The worldbinder hits you.
* * * LOW HITPOINT WARNING * * *
The worldbinder hits you.
* * * LOW HITPOINT WARNING * * *
The deep elf zephyrmancer barely misses you.
The deep elf knight casts a spell at you.
The shard of ice hits you!!
You die...

# #. .#.# ...##
.# . .... #...
.. .# . . ...#.
.#...#..# ..
....#. .# . #..#
..
...'#######'..#
. #............#
#......e.....#
##......e.....#
#.....e@x.....#
##............#
...########.####
. #.. . ...# .
.## .#. ..


You could see a deep elf knight (summoned, unable to see you), a worldbinder
(unable to see you) and 2 deep elf zephyrmancers.

Vanquished Creatures
  The ghost of Bnni the Geomancer, a novice FoEE of Cheibriados (D:7)
  A large abomination (Abyss:2)
  Amaemon (D:8)
  5 starcursed masses (Abyss:2)
  2 ugly things (D:9)
  A moth of wrath (D:7)
  Joseph (D:7)
  An orange demon (D:8)
  Maggie (D:8)
  A basilisk (D:7)
  5 yaks (D:9)
  4 wyverns (D:9)
  A human (D:5)
  A steam dragon (D:6)
  3 water moccasins (D:9)
  2 orc warriors
  2 sky beasts
  3 black bears (D:7)
  3 ogres
  2 centaurs
  An ice beast (D:8)
  A phantom (D:6)
  3 kobold brigands (D:6)
  A bullfrog (D:7)
  7 scorpions
  8 wights
  5 killer bees (D:9)
  7 howler monkeys
  A hound (D:4)
  5 jellies
  3 orc priests
  A sleepcap (D:6)
  A gnoll bouda (D:7)
  Crazy Yiuf (D:5)
  3 iguanas
  Terence (D:2)
  A human skeleton (D:5)
  3 orc wizards
  4 gnolls
  8 adders
  2 shadow imps
  A white imp (D:7)
  2 ufetubi (D:5)
  3 dart slugs
  17 orcs
  12 endoplasms
  2 giant cockroaches
  14 goblins
  5 hobgoblins
  3 jackals
  14 kobolds
  5 quokkas
  6 ball pythons
  7 bats
  4 frilled lizards
  A jackal zombie (D:5)
  6 rats
210 creatures vanquished.

Vanquished Creatures (others)
  An orc priest (D:3)
  An iguana (D:6)
  2 shadow imps (D:3)
4 creatures vanquished.

Grand Total: 214 creatures vanquished

Notes
Turn   | Place    | Note
-------+----------+-------------------------------------------
     0 | D:1      | Graphine the Hill Orc Fighter began the quest for the Orb.
     0 | D:1      | Reached XP level 1. HP: 19/19 MP: 1/1
    32 | D:1      | Reached XP level 2. HP: 27/27 MP: 2/2
    86 | D:1      | Reached skill level 3 in Axes
   340 | D:1      | Reached XP level 3. HP: 33/33 MP: 3/3
   614 | D:2      | Noticed Terence
   623 | D:2      | Killed Terence
   624 | D:2      | Reached XP level 4. HP: 34/40 MP: 4/4
  1332 | D:3      | Reached skill level 4 in Axes
  1340 | D:3      | Found a faded altar of an unknown god.
  1387 | D:3      | Found a white marble altar of Elyvilon.
  1399 | D:3      | Found a transporter.
  1476 | D:3      | Found a transporter.
  1516 | D:3      | Became a worshipper of Beogh the Brigand
  1526 | D:3      | Reached XP level 5. HP: 28/47 MP: 5/5
  1900 | D:3      | Found a broken altar of Ashenzari.
  1904 | D:3      | Saw a vision of the Swamp and the Snake Pit.
  1904 | D:3      | Noticed a black mamba
  1904 | D:3      | Noticed a five-headed hydra
  1904 | D:3      | Noticed a will-o-the-wisp
  1904 | D:3      | Noticed a four-headed hydra
  1904 | D:3      | Noticed a goliath frog
  1904 | D:3      | Noticed a naga warrior
  1904 | D:3      | Noticed an eleionoma
  1904 | D:3      | Noticed a mana viper
  1904 | D:3      | Noticed a goliath frog
  1904 | D:3      | Noticed a black mamba
  1904 | D:3      | Noticed a spriggan rider
  1904 | D:3      | Noticed a seven-headed hydra
  1904 | D:3      | Noticed a black mamba
  1904 | D:3      | Noticed a goliath frog
  1904 | D:3      | Noticed a tyrant leech
  1905 | D:3      | Noticed an anaconda
  1905 | D:3      | Noticed a mana viper
  1905 | D:3      | Noticed an eight-headed hydra
  1905 | D:3      | Noticed a mana viper
  1906 | D:3      | Noticed a goliath frog
  1933 | D:3      | Reached skill level 1 in Invocations
  2092 | D:3      | Reached XP level 6. HP: 55/55 MP: 7/7
  2093 | D:3      | Found a bloodstained altar of Trog.
  2473 | D:4      | Reached * piety under Beogh
  2474 | D:4      | Reached skill level 5 in Fighting
  2570 | D:4      | Reached skill level 5 in Axes
  2630 | D:4      | Found a sacrificial altar of Ru.
  2818 | D:4      | Found a stormy altar of Qazlal.
  2848 | D:4      | Reached XP level 7. HP: 51/61 MP: 9/9
  3199 | D:5      | Entered Level 5 of the Dungeon
  3588 | D:5      | Found a staircase to the Ecumenical Temple.
  3599 | D:5      | Reached skill level 6 in Axes
  3600 | D:5      | Reached skill level 5 in Armour
  3600 | D:5      | Reached skill level 5 in Shields
  3759 | D:5      | Found a runed translucent door.
  3760 | D:5      | Noticed a human
  3763 | D:5      | Found a basalt altar of Yredelemnul.
  3815 | D:5      | Killed a human
  3816 | D:5      | Reached XP level 8. HP: 54/70 MP: 11/11
  3922 | D:5      | Reached skill level 5 in Invocations
  4211 | D:5      | Found a runed translucent door.
  4212 | D:5      | Noticed Crazy Yiuf
  4220 | D:5      | Killed Crazy Yiuf
  4378 | D:5      | Found Ykathroga's Antique Armour Emporium.
  4386 | D:5      | Bought a distressingly furry ring mail for 243 gold pieces
  4386 | D:5      | Identified the +2 ring mail of the Forest {Will+ Str-2
                  | SInv} (You bought it in a shop on level 5 of the Dungeon)
  4493 | D:6      | Reached skill level 7 in Axes
  4534 | D:6      | Reached ** piety under Beogh
  4670 | D:6      | Found a shimmering altar of Xom.
  4946 | D:6      | Reached skill level 8 in Axes
  5070 | D:6      | Reached XP level 9. HP: 78/78 MP: 14/14
  5560 | D:7      | Noticed Joseph
  5564 | D:7      | Paralysed by Joseph for 5 turns
  5579 | D:7      | Killed Joseph
  5580 | D:7      | Reached skill level 9 in Axes
  5781 | D:7      | Found a shadowy altar of Dithmenos.
  5792 | D:7      | Found a transporter.
  5832 | D:7      | Found a transporter.
  5832 | D:7      | Noticed Bnni's ghost (novice FoEE)
  5832 | D:7      | Noticed a moth of wrath
  5898 | D:7      | Found a hide-covered altar of Uskayaw.
  5898 | D:7      | Found a burning altar of Makhleb.
  6068 | D:7      | Found an ornate altar of the Wu Jian Council.
  6162 | D:7      | Killed a moth of wrath
  6164 | D:7      | Reached XP level 10. HP: 86/86 MP: 16/16
  6166 | D:7      | Reached skill level 10 in Axes
  6168 | D:7      | Killed Bnni's ghost
  6236 | D:8      | Noticed Maggie
  6252 | D:8      | Killed Maggie
  6361 | D:8      | You fall into a shaft and drop 2 floors!
  6361 | D:10     | Entered Level 10 of the Dungeon
  6361 | D:10     | Found a shimmering blue altar of Sif Muna.
  6363 | D:10     | Found a radiant altar of Vehumet.
  6363 | D:10     | Found an ancient bone altar of Kikubaaqudgha.
  6366 | D:10     | Noticed a green ugly thing
  6382 | D:9      | Killed a green ugly thing
  6510 | D:8      | Reached skill level 10 in Invocations
  6880 | D:8      | Reached skill level 11 in Axes
  6936 | D:8      | Found Qolok's Weapon Emporium.
  7129 | D:8      | Noticed Amaemon
  7134 | D:8      | Noticed an orange demon
  7137 | D:8      | Reached *** piety under Beogh
  7146 | D:8      | Killed an orange demon
  7155 | D:8      | Killed Amaemon
  7591 | D:9      | Noticed a purple ugly thing
  7594 | D:9      | Reached XP level 11. HP: 59/95 MP: 19/19
  7635 | D:9      | Killed a purple ugly thing
  7636 | D:9      | Reached skill level 12 in Axes
  7749 | D:9      | Found a staircase to the Lair.
  7941 | D:9      | Found Cabeofop's Antique Weapon Shop.
  8447 | D:9      | Noticed Erolcha
  8457 | Abyss:1  | Found a corrupted altar of Lugonu.
  8457 | Abyss:1  | Cast into level 1 of the Abyss (Erolcha)
  8475 | Abyss:2  | Noticed a large abomination
  8486 | Abyss:2  | Killed a large abomination
  8517 | Abyss:2  | Noticed a worldbinder
  8523 | Abyss:2  | Noticed a starcursed mass
  8548 | Abyss:2  | Killed a starcursed mass
  8549 | Abyss:2  | Noticed a worldbinder
  8563 | Abyss:2  | Noticed a deep elf zephyrmancer
  8563 | Abyss:2  | Noticed a deep elf knight
  8564 | Abyss:2  | Noticed a deep elf zephyrmancer
  8567 | Abyss:2  | Killed from afar by a deep elf knight

Illustrated notes

Levels and vault maps discovered:
D:1:      heliophobic_arrival_enchanted_forest, layout_rooms, feat_on_display
D:2:      layout_loops_ring, minmay_between, uniq_terence
D:3:      gammafunk_wand_slinger, layout_basic, grunt_ashenzari_visionary
          [grunt_ashenzari_visionary_swamp, grunt_ashenzari_visionary_snake],
          nicolae_elyvilon_peaceful_grove, overflow_temple_1_default,
          shapermc_ecumenical_altar_totnotflames
D:4:      layout_gridville, marbit_many_paths,
          nicolae_ru_great_annihilating_truth
D:5:      layout_basic, dk_yredelemnul_ordeal, minmay_temple_entry_slanted,
          serial_shops, shop, serial_park_tiny_2, kennysheep_generic_room_16,
          uniq_crazy_yiuf_cottage
D:6:      layout_loops_ring, lemuel_crystal_altar, minmay_unpleasant_kobolds
D:7:      layout_cave_pools, mainiacjoe_overflow_alcove_2,
          gammafunk_temple_overflow_pools, mainiacjoe_overflow_catwalk,
          gammafunk_ghost_berserking_beasts, uniq_joseph
D:8:      layout_loops_corners, serial_shops, shop, uniq_maggie, uniq_amaemon
D:9:      layout_cave_pods, minmay_lair_entry_grove, serial_shops,
          shop_fountains, uniq_erolcha
D:10:     layout_rooms, grunt_temple_overflow_magic_moments
Abyss:2:  base:
D:4

Skill      XL: |  1  2  3  4  5  6  7  8  9 10 11 |
---------------+----------------------------------+-----
Axes           | 3 4 5 6 8 9 11 12 | 12.6
Fighting       | 4 5 6 7 8 9 |  9.2
Shields        | 4 5 6 7 8 |  8.3
Armour         | 4 5 6 7 8 |  8.3
Invocations    | 2 3 4 6 8 10 11 | 11.8

Action                     |  1- 3 |  4- 6 |  7- 9 | 10-12 || total
---------------------------+-------+-------+-------+-------++-------
  Melee: War axe           |    57 |   172 |   275 |   277 ||   781
         Unarmed           |     5 |       |       |       ||     5
 Invoke: Convert to Beogh  |       |     1 |       |       ||     1
         Smiting           |       |       |       |     3 ||     3
  Evoke: Wand              |       |     2 |       |       ||     2
    Use: Scroll            |     3 |     9 |     7 |     4 ||    23
         Potion            |       |       |     2 |    10 ||    12
   Stab: Sleeping          |       |       |     4 |       ||     4
         Invisible         |       |       |       |     3 ||     3
 Armour: Scale mail        |    15 |       |       |       ||    15
         Chain mail        |    12 |   116 |    71 |       ||   199
         Ring mail         |       |       |    95 |   129 ||   224
  Dodge: Dodged            |    30 |    56 |    93 |   131 ||   310
  Block: Buckler           |     7 |    38 |    68 |    65 ||   178
